 Dungeon Crawl Stone Soup version 0.19.5 (webtiles) character file.

7785 Gadfly the Basher (level 11, -2/117 HPs)
             Began as an Ogre Berserker on May 14, 2017.
             Was a High Priest of Trog.
             Slain by a seven-headed hydra (10 damage)
             ... on level 1 of the Lair of Beasts.
             The game lasted 00:25:15 (11502 turns).

Gadfly the Basher (Ogre Berserker)                 Turns: 11502, Time: 00:25:16

Health: -2/117     AC:  5    Str: 24    XL:     11   Next: 20%
Magic:  13/13      EV: 14    Int:  6    God:    Trog [*****.]
Gold:   97         SH:  3    Dex: 18    Spells: 0 memorised, 10 levels left

rFire  . . .     SeeInvis +     v - +0 giant spiked club (elec)
rCold  + . .     Gourm    .     u - +2 robe {rC+}
rNeg   . . .     Faith    .     (shield currently unavailable)
rPois  .         Spirit   .     (helmet restricted)
rElec  .         Reflect  +     (no cloak)
rCorr  .         Harm     .     (gloves unavailable)
MR     +....     Clarity  +     (boots unavailable)
Stlth  ++........               e - +3 amulet of reflection
                                o - ring of see invisible
                                k - +6 ring of dexterity

@: no status effects
A: unfitting armour, horns 2, clarity, tough skin 1
a: Berserk, Trog's Hand, Brothers in Arms, Burn Spellbooks, Renounce Religion


You were on level 1 of the Lair of Beasts.
You worshipped Trog.
Trog was extremely pleased with you.
You were not hungry.

You visited 2 branches of the dungeon, and saw 10 of its levels.

You collected 496 gold pieces.
You spent 399 gold pieces at shops.

Inventory:

Hand Weapons
 v - a +0 giant spiked club of electrocution (weapon)
 D - a -3 morningstar
Missiles
 s - 5 javelins of returning
 y - 7 steel tomahawks
 E - 3 poisoned javelins
 F - 3 tomahawks (quivered)
 H - 5 large rocks
 I - 3 poisoned tomahawks
Armour
 u - a +2 robe of cold resistance (worn)
Jewellery
 e - a +3 amulet of reflection (around neck)
 k - a +6 ring of dexterity (left hand)
 n - an uncursed ring of positive energy
 o - a ring of see invisible (right hand)
Wands
 a - a wand of lightning (9/15)
 m - a wand of enslavement (4/24)
 B - a wand of disintegration (14/24)
 J - a wand of digging (19/24)
Scrolls
 i - a scroll of fear
 j - 3 scrolls of identify
 q - 2 scrolls of magic mapping
 w - a scroll of enchant armour
 z - 3 scrolls of teleportation
 C - a scroll of fog
Potions
 d - a potion of agility
 h - a potion of cure mutation
 p - a potion of curing
 t - a potion of haste
 x - a potion of invisibility {unknown}
Books
 b - a book of Necromancy

   Spells                             Type                      Level
   a - Pain                           Necromancy                   1
   b - Animate Skeleton               Necromancy                   1
   c - Vampiric Draining              Necromancy                   3
   d - Regeneration                   Charms/Necromancy            3
   e - Animate Dead                   Necromancy                   4
   f - Control Undead                 Necromancy                   4
   Trog disapproves of the use of such an item.
 A - Nueptor's Disquisition on Glacial Bewitchment
   (You found it on level 7 of the Dungeon)

   Spells                             Type                      Level
   a - Slow                           Hexes                        2
   b - Ensorcelled Hibernation        Hexes/Ice                    2
   c - Summon Ice Beast               Ice/Summoning                4
   d - Bolt of Cold                   Conjuration/Ice              6
   e - Ozocubu's Refrigeration        Ice                          6
   Trog disapproves of the use of such an item.
 G - a book of Callings

   Spells                             Type                      Level
   a - Summon Small Mammal            Summoning                    1
   b - Call Imp                       Summoning                    2
   c - Call Canine Familiar           Summoning                    3
   d - Summon Guardian Golem          Hexes/Summoning              3
   e - Summon Lightning Spire         Summoning/Air                4
   f - Summon Ice Beast               Ice/Summoning                4
   Trog disapproves of the use of such an item.
Comestibles
 c - 3 bread rations
 f - 2 beef jerkies
 g - 7 fruits
 l - 6 meat rations


   Skills:
 + Level 9.8 Fighting
 + Level 14.5 Maces & Flails
 * Level 7.3 Throwing
 + Level 6.1 Dodging
 * Level 3.8 Evocations


You had 10 spell levels left.
You didn't know any spells.

Dungeon Overview and Level Annotations

Branches:
Dungeon (9/15)             Temple (0/1) D:6            Lair (1/6) D:9
    Orc: D:9-12

Altars:
Ashenzari
Kikubaaqudgha
Uskayaw
Xom

Shops:
D:4 *   D:7 !   D:9 =


Innate Abilities, Weirdness & Mutations

You are too large for most types of armour.
You have tough skin. (AC +1)
You have a pair of horns on your head.
You possess an exceptional clarity of mind.


Message History

The seven-headed hydra bites you!
The seven-headed hydra closely misses you.
You flatten the seven-headed hydra like a pancake!!!
The seven-headed hydra is severely wounded.
The seven-headed hydra bites you! x2
The seven-headed hydra bites you but does no damage.
The seven-headed hydra bites you! The seven-headed hydra bites you.
The seven-headed hydra bites you!
The seven-headed hydra bites you but does no damage.
You hit the seven-headed hydra. You headbutt the seven-headed hydra!
The seven-headed hydra is almost dead.
The seven-headed hydra bites you.
The seven-headed hydra bites you but does no damage.
The seven-headed hydra bites you. The seven-headed hydra bites you!
* * * LOW HITPOINT WARNING * * *
The seven-headed hydra bites you!
* * * LOW HITPOINT WARNING * * *
You block the seven-headed hydra's attack.
The seven-headed hydra bites you!
You die...

.... .... .# #...# ...#
.## ###### ##.... ...##
..###.##P###P...# .....
.##P......###...# ....P#
.###.......##...##....#
..........###...#P....#
.P#.#.###.# #...@D....#
.####.##### #...##....#
..##..P######....#.....#
..................# .###
.................## #
...........>.........
......................
.......................
#...##.#P.##...#######.


You could see a seven-headed hydra.

Vanquished Creatures
  Erica (D:8)
  The ghost of Rufus the Skirmisher, an amateur NaFi (D:4)
  A troll (D:9)
  Prince Ribbit (D:7)
  Grinder (D:3)
  A two-headed ogre (D:8)
  3 blink frogs (Lair:1)
  7 yaks
  A basilisk (D:9)
  2 ice beasts
  3 porcupines
  A sky beast (D:9)
  2 black bears
  A centaur (D:8)
  9 ogres
  3 crocodiles
  A big kobold (D:9)
  Blork the orc (D:5)
  6 bullfrogs
  12 scorpions
  5 howler monkeys
  8 crimson imps
  2 centaur zombies
  2 jellies
  A bullfrog zombie (D:6)
  6 hounds
  2 orc priests (D:3)
  4 orc wizards
  A centaur skeleton (D:4)
  4 iguanas
  6 worker ants
  A hound zombie (D:6)
  2 hound skeletons (D:7)
  A howler monkey skeleton (D:5)
  10 adders
  A river rat (D:9)
  2 oozes
  3 worms
  A dart slug (D:9)
  8 leopard geckos
  28 orcs
  A bat zombie (D:4)
  6 giant cockroaches
  6 goblins
  11 hobgoblins
  11 jackals
  12 kobolds
  5 quokkas
  4 ball pythons
  A ball python zombie (D:5)
  11 bats
  8 frilled lizards
  A giant cockroach zombie (D:8)
  A leopard gecko skeleton (D:5)
  A leopard gecko zombie (D:7)
  A quokka skeleton (D:4)
  13 rats
  3 rat zombies (D:4)
  A bush (D:9)
253 creatures vanquished.

Vanquished Creatures (others)
  19 fungi (D:9)
19 creatures vanquished.

Grand Total: 272 creatures vanquished

Notes
Turn   | Place    | Note
-------+----------+-------------------------------------------
     0 | D:1      | Gadfly the Ogre Berserker began the quest for the Orb.
     0 | D:1      | Reached XP level 1. HP: 24/24 MP: 1/1
    28 | D:1      | Reached XP level 2. HP: 24/33 MP: 2/2
   390 | D:1      | Reached XP level 3. HP: 40/40 MP: 3/3
   404 | D:1      | Reached ** piety under Trog
  1476 | D:2      | Reached skill level 1 in Throwing
  1569 | D:3      | Reached skill level 5 in Maces & Flails
  1569 | D:3      | Reached XP level 4. HP: 42/49 MP: 4/4
  2013 | D:3      | Reached skill level 5 in Fighting
  2014 | D:3      | Reached XP level 5. HP: 14/57 MP: 5/5
  2040 | D:3      | HP: 2/57 [poisoned by kobold (curare-tipped needle)]
  2048 | D:3      | HP: 2/57 [kobold/uncursed dagger (1)]
  2053 | D:3      | HP: 2/57 [poisoned by kobold (curare-tipped needle)]
  2364 | D:3      | Noticed Grinder
  2382 | D:3      | HP: 1/57 [Grinder/nerve-wracking pain (13)]
  2519 | D:3      | Killed Grinder
  2519 | D:3      | Reached skill level 6 in Maces & Flails
  2519 | D:3      | Reached XP level 6. HP: 45/66 MP: 6/6
  2828 | D:3      | Reached skill level 7 in Maces & Flails
  3266 | D:3      | Reached XP level 7. HP: 60/74 MP: 7/7
  3555 | D:4      | Noticed Rufus's ghost (amateur NaFi)
  3596 | D:4      | Killed Rufus's ghost
  3610 | D:4      | Reached skill level 8 in Maces & Flails
  3748 | D:4      | Reached *** piety under Trog
  3972 | D:4      | Reached XP level 8. HP: 68/84 MP: 8/8
  4079 | D:4      | Found Niasmum's Assorted Antiques.
  4082 | D:4      | Bought a scroll labeled VANE ERHUN QESKYE for 31 gold pieces
  4082 | D:4      | Bought a scroll labeled SIDOSE CAXOEMOJU for 31 gold pieces
  4622 | D:4      | Found an ancient bone altar of Kikubaaqudgha.
  4735 | D:5      | Entered Level 5 of the Dungeon
  4750 | D:5      | Reached skill level 9 in Maces & Flails
  5186 | D:5      | Received a gift from Trog
  5303 | D:5      | Reached skill level 10 in Maces & Flails
  5471 | D:5      | Noticed Blork the orc
  5476 | D:5      | Killed Blork the orc
  5605 | D:5      | Reached XP level 9. HP: 51/93 MP: 9/9
  6621 | D:5      | Reached skill level 5 in Throwing
  6807 | D:6      | Found a staircase to the Ecumenical Temple.
  6814 | D:6      | Reached skill level 11 in Maces & Flails
  6822 | D:6      | Reached skill level 5 in Dodging
  6903 | D:6      | Received a gift from Trog
  7405 | D:6      | Gained mutation: You are clumsy. (Dex -2) [potion of mutation]
  7405 | D:6      | Gained mutation: You are weak. (Str -2) [potion of mutation]
  7405 | D:6      | Gained mutation: Armour fits poorly on your strangely shaped body. [potion of mutation]
  7406 | D:6      | Gained mutation: You evolve. [potion of mutation]
  7406 | D:6      | Lost mutation: You are clumsy. (Dex -2) [potion of mutation]
  7459 | D:7      | Lost mutation: Armour fits poorly on your strangely shaped body. [potion of cure mutation]
  7459 | D:7      | Lost mutation: You evolve. [potion of cure mutation]
  7459 | D:7      | Lost mutation: You are weak. (Str -2) [potion of cure mutation]
  7507 | D:7      | Found Icaoc's Distillery.
  7510 | D:7      | Bought a potion of degeneration for 12 gold pieces
  7733 | D:7      | Identified Nueptor's Disquisition on Glacial Bewitchment
  7743 | D:7      | Found a hide-covered altar of Uskayaw.
  7859 | D:7      | Noticed Prince Ribbit
  7875 | D:7      | Killed Prince Ribbit
  7875 | D:7      | Reached **** piety under Trog
  7875 | D:7      | Reached skill level 12 in Maces & Flails
  7875 | D:7      | Reached skill level 1 in Evocations
  8359 | D:8      | Noticed Erica
  8373 | D:8      | Killed Erica
  8373 | D:8      | Received a gift from Trog
  8373 | D:8      | Reached XP level 10. HP: 75/106 MP: 11/11
  8477 | D:8      | Found a shattered altar of Ashenzari.
  8828 | D:8      | Reached skill level 13 in Maces & Flails
  8926 | D:8      | Received a gift from Trog
  9470 | D:9      | Found a staircase to the Lair.
  9535 | D:9      | Found a shimmering altar of Xom.
  9724 | D:9      | Found Voipruqyg's Jewellery Emporium.
  9727 | D:9      | Bought a +3 amulet of reflection for 325 gold pieces
  9806 | D:9      | Gained mutation: You possess an exceptional clarity of mind. [mutagenic meat]
  9807 | D:9      | Gained mutation: You have a pair of small horns on your head. [mutagenic meat]
  9808 | D:9      | Gained mutation: You have a pair of horns on your head. [mutagenic meat]
 10549 | Lair:1   | Entered Level 1 of the Lair of Beasts
 10562 | D:9      | Reached skill level 14 in Maces & Flails
 10562 | D:9      | Reached XP level 11. HP: 41/115 MP: 13/13
 11105 | Lair:1   | Reached ***** piety under Trog
 11499 | Lair:1   | Noticed a seven-headed hydra
 11502 | Lair:1   | Slain by a seven-headed hydra

Skill      XL: |  1  2  3  4  5  6  7  8  9 10 11 |
---------------+----------------------------------+-----
Dodging        | 3 4 5 6 |  6.1
Throwing       | 1 2 3 4 6 7 |  7.3
Maces & Flails | 5 6 7 8 10 12 14 | 14.5
Fighting       | 5 6 7 8 9 |  9.8
Evocations     | 2 3 |  3.8

Action                   |  1- 3 |  4- 6 |  7- 9 | 10-12 || total
-------------------------+-------+-------+-------+-------++-------
Melee: Mace              |    98 |   123 |    55 |       ||   276
       Flail             |       |       |   144 |       ||   144
       Giant club        |       |       |    91 |       ||    91
       Giant spiked club |       |       |    12 |   179 ||   191
       Headbutt          |       |       |       |    12 ||    12
Throw: Javelin           |       |       |     4 |       ||     4
       Tomahawk          |       |       |       |     3 ||     3
Invok: Trog's Hand       |       |     4 |       |     1 ||     5
       Berserk           |       |     3 |     3 |     2 ||     8
       Burn Spellbooks   |       |       |       |     1 ||     1
  Use: Scroll            |     5 |     1 |    10 |     1 ||    17
       Potion            |       |     2 |     8 |     4 ||    14
 Stab: Sleeping          |     1 |     2 |     1 |       ||     4
       Distracted        |       |       |       |     2 ||     2
       Held in net/web   |       |       |       |     1 ||     1
  Eat: Chunk             |     2 |     9 |    19 |    15 ||    45
Armor: Animal skin       |    23 |    23 |    33 |       ||    79
       Robe              |       |       |    25 |    41 ||    66
       Skin              |       |       |       |    11 ||    11
Dodge: Dodged            |    58 |    68 |   216 |   130 ||   472
Block: Other             |       |       |       |     8 ||     8
